 Dungeon Crawl Stone Soup version 0.17-a0-1558-g9d24de5 (webtiles) character file.

12457 wortkombination the Covert (level 11, -2/67 HPs)
             Began as a Gargoyle Air Elementalist on July 20, 2015.
             Was an Elder of Ashenzari.
             Killed by nerve-wracking pain
             ... invoked by an orc priest
              (11 damage)
             ... on level 2 of the Orcish Mines.
             The game lasted 02:42:53 (12094 turns).

wortkombination the Covert (GrAE)                  Turns: 12094, Time: 02:42:54

Health: -2/67      AC: 17    Str: 15      XL:     11   Next: 93%
Magic:  17/17      EV:  7    Int: 16 (19) God:    Ashenzari [****..]
Gold:   1102       SH:  0    Dex:  8 (10) Spells: 3 memorised, 13 levels left

rFire  . . .     SeeInvis +     r - +3 dagger (venom) (curse)
rCold  + . .     Clarity  +     j - +2 robe {rF+}
rNeg   + + .     SustAt   .     y - +0 buckler
rPois  ∞         Gourm    .     l - +1 helmet {Int+3}
rElec  +         Spirit   .     (no cloak)
rCorr  .         Warding  +     p - +0 pair of gloves
rMut   .         Stasis   .     t - +0 pair of boots
MR     .....                    s - amulet of warding
Stlth  ++++......               (no ring)
                                L - ring of ice (curse)

@: held, not resistant to hostile enchantments, stealthy
A: clarity, deterioration 1, negative energy resistance 1, electricity
resistance, unbreathing, petrification resistance, rot immunity, AC +7
a: Scrying, Renounce Religion


You were on level 2 of the Orcish Mines.
You worshipped Ashenzari.
Ashenzari was greatly pleased with you.
You were not hungry.

You visited 2 branches of the dungeon, and saw 16 of its levels.
You also visited: Sewer.

You collected 1102 gold pieces.

Inventory:

Hand weapons
 n - a +0 dagger of speed
 r - a cursed +3 dagger of venom (weapon)
 A - a +2 short sword of draining
Missiles
 F - 4 silver tomahawks
Armour
 j - a +2 robe of fire resistance (worn)
 l - a +1 helmet of intelligence (worn)
 p - a +0 pair of gloves (worn)
 t - a +0 pair of boots (worn)
 y - a +0 buckler (worn)
 B - a +1 robe of cold resistance
 D - a +0 robe of positive energy
 E - a troll hide
Jewellery
 f - an uncursed amulet of stasis
 g - an uncursed amulet of the gourmand
 i - an uncursed amulet of faith
 s - an amulet of warding (around neck)
 L - a cursed ring of ice (left hand)
Magical devices
 a - a wand of confusion (20)
Scrolls
 k - 4 scrolls of identify
 o - a scroll of curse weapon
 v - 6 scrolls of remove curse
 G - a scroll of recharging {unknown}
Potions
 e - 4 potions of flight
 h - 3 potions of curing
 z - 5 potions of brilliance
 M - a potion of resistance
Books
 b - a book of Air

   Spells                             Type                      Level
   a - Shock                          Conjuration/Air              1
   b - Swiftness                      Charms/Air                   2
   c - Repel Missiles                 Charms/Air                   2
   d - Static Discharge               Conjuration/Air              3
   e - Lightning Bolt                 Conjuration/Air              5
 m - a book of Power

   Spells                             Type                      Level
   a - Fulminant Prism                Conjuration/Hexes            4
   b - Iskenderun's Mystic Blast      Conjuration                  4
   c - Venom Bolt                     Conjuration/Poison           5
   d - Bolt of Magma                  Conjuration/Fire/Earth       5
   e - Iron Shot                      Conjuration/Earth            6
   f - Orb of Destruction             Conjuration                  7
   g - Spellforged Servitor           Conjuration/Summoning        7
 x - a book of the Sky

   Spells                             Type                      Level
   a - Summon Lightning Spire         Summoning/Air                4
   b - Airstrike                      Air                          4
   c - Silence                        Hexes/Air                    5
   d - Deflect Missiles               Charms/Air                   6
   e - Conjure Ball Lightning         Conjuration/Air              6
   f - Tornado                        Air                          9
 I - a book of Burglary

   Spells                             Type                      Level
   a - Swiftness                      Charms/Air                   2
   b - Passwall                       Transmutation/Earth          3
   c - Passage of Golubria            Translocation                4
   d - Lee's Rapid Deconstruction     Earth                        5
   e - Invisibility                   Hexes                        6
   f - Darkness                       Hexes                        7
Comestibles
 c - 4 bread rations
 d - 14 royal jellies
 q - 3 chunks of flesh
 u - a meat ration
 w - 3 slices of pizza
 C - 7 fruits
 K - 2 beef jerkies


   Skills:
 + Level 7.4 Fighting
 + Level 6.0(9.5) Short Blades
 + Level 7.2 Armour
 + Level 5.8 Dodging
 + Level 8.1 Stealth
 + Level 6.2 Shields
 - Level 4.0 Spellcasting
 - Level 4.0 Conjurations
 - Level 5.0 Charms
 - Level 5.0 Air Magic
 - Level 2.0 Evocations


You had 13 spell levels left.
You knew the following spells:

 Your Spells              Type           Power        Failure   Level  Hunger
a - Shock                 Conj/Air       ###.         2%          1    None
b - Repel Missiles        Chrm/Air       ###...       3%          2    ##.....
c - Swiftness             Chrm/Air       ###.....     3%          2    ##.....


Dungeon Overview and Level Annotations

Branches:
Dungeon (12/15)            Temple (0/1) D:6            Lair (0/8) D:11
    Orc (4/4) D:10
    Elf: Orc:3-4

Altars:
Ashenzari
Cheibriados
Nemelex Xobeh
The Shining One

Shops:
D:8 *   D:9 (   D:11 (   Orc:3 :(!   Orc:4 (

Portals:
Trove: D:10 (give 2 scrolls of acquirement)

Annotations:
D:11 Tangento's ghost, powerful GrFi
Orc:2 Harold


Innate Abilities, Weirdness & Mutations

You are resistant to torment.
Your stone body is resilient (AC +7).
You are immune to poison.
You resist negative energy.
You are resistant to electric shocks.
You can survive without breathing.
You are immune to petrification.
You are immune to rotting.
You possess an exceptional clarity of mind.
Your body sometimes deteriorates upon taking damage.


Message History

The orc wizard looks braver for a moment.
You block the orc's attack.
There is a stone staircase leading up here.
You climb upwards.
Harold shouts!
The orc warrior shouts!
A goblin, 3 orcs and an orc wizard come into view.
The orc shouts!
The orc wizard shouts!
The goblin shouts!
The orc shouts!
The orc barely misses you.
The orc warrior hits you but does no damage.
Found 49 gold pieces.
There is a stone staircase leading down here.
You closely miss the orc priest.
Harold throws a throwing net.
The throwing net hits you.
You become entangled in the net!
The orc hits you but does no damage. The orc barely misses you.
The orc wizard casts a spell.
The orc wizard flickers and vanishes for a moment.
The goblin hits you but does no damage.
The orc priest invokes the aid of Beogh against you.
Pain shoots through your body!
You die...

* , * ##.### #..
*#....#$* ### ##.
.......,##*##*# ##
*#...... .#..#.# *
# #...... . .....*
#
#...oo.#.....@#***
,,,#
#.......#...##.,**
, , #
*......oo.......
,,
*.......@.......,
......goo....#.,
,, *
*...............
,,**
....o.........$ *
, , *
............... ,
*#.#............ ,
,
*.,..........#.#*,
, * ...........$..
, * , ,, **


You could see Harold, an orc warrior, an orc priest, an orc wizard (invisible),
4 orcs and a goblin.

Vanquished Creatures
  3 orc sorcerers
  A cyclops (D:10)
  4 trolls
  A queen bee (D:10)
  2 two-headed ogres (D:10)
  5 yaks (D:9)
  Eustachio (D:4)
  A basilisk (D:10)
  A warg (Orc:1)
  The ghost of kinazarov the Ruffian, an average VSMo (Sewer)
  Duvessa (D:4)
  3 ice beasts
  9 orc warriors
  6 porcupines (D:11)
  A water moccasin (D:7)
  A sky beast (D:9)
  4 crocodiles (D:11)
  2 phantoms
  8 ogres
  3 giant frogs
  6 big kobolds
  4 centaurs
  Dowan (D:4)
  A gnoll sergeant (D:11)
  30 killer bees
  3 scorpions
  3 jellies
  7 wights
  A giant frog zombie (D:8)
  2 crimson imps
  A centaur zombie (D:8)
  10 orc priests
  6 hounds
  A centaur skeleton (D:6)
  A giant frog skeleton (D:7)
  A quasit (D:8)
  5 worker ants
  14 orc wizards
  5 iguanas
  7 sheep
  2 hound zombies
  A hound skeleton (D:11)
  A worker ant zombie (D:9)
  Robin (D:4)
  16 gnolls
  7 adders
  6 river rats
  A shadow imp (D:9)
  An ooze (D:3)
  An adder skeleton (D:4)
  3 worms
  112 orcs
  A ball python (D:3)
  7 giant cockroaches
  24 goblins
  21 hobgoblins
  13 jackals
  5 quokkas
  13 bats
  7 giant geckos
  9 giant newts
  2 jackal skeletons
  44 kobolds
  16 rats
481 creatures vanquished.

Vanquished Creatures (others)
  3 fungi
  7 plants
10 creatures vanquished.

Grand Total: 491 creatures vanquished

Notes
Turn   | Place    | Note
--------------------------------------------------------------
     0 | D:1      | wortkombination the Gargoyle Air Elementalist began the quest for the Orb.
     0 | D:1      | Reached XP level 1. HP: 10/10 MP: 3/3
   203 | D:1      | Reached XP level 2. HP: 11/16 MP: 5/5
   843 | D:2      | Reached skill level 1 in Fighting
   843 | D:2      | Reached XP level 3. HP: 20/20 MP: 6/6
  1083 | D:2      | Found a faded altar to an unknown god.
  1106 | D:2      | Reached skill level 3 in Stealth
  1125 | D:2      | Became a worshipper of Ashenzari the Shackled
  1125 | D:2      | Acquired Ashenzari's first power
  1350 | D:2      | Learned a level 2 spell: Repel Missiles
  1353 | D:2      | Learned a level 2 spell: Swiftness
  1376 | D:2      | Reached XP level 4. HP: 25/25 MP: 7/7
  2107 | D:3      | Reached XP level 5. HP: 25/30 MP: 8/8
  2349 | D:3      | Reached skill level 1 in Charms
  2690 | D:4      | Noticed Robin
  2719 | D:4      | Noticed an ice beast
  2729 | D:4      | Noticed Eustachio
  2743 | D:4      | Killed Eustachio
  2743 | D:4      | Reached skill level 1 in Short Blades
  2743 | D:4      | Reached XP level 6. HP: 36/36 MP: 9/9
  2766 | D:4      | Killed Robin
  2768 | D:4      | Killed an ice beast
  2872 | D:4      | Found a glowing drain.
  2876 | Sewer    | Entered a sewer
  2908 | Sewer    | Noticed kinazarov's ghost (average VSMo)
  2962 | Sewer    | Killed kinazarov's ghost
  2962 | Sewer    | Reached XP level 7. HP: 16/41 MP: 10/10
  3204 | Sewer    | Found a white marble altar of Elyvilon.
  3280 | D:4      | Noticed Duvessa
  3280 | D:4      | Noticed Dowan
  3316 | D:4      | Killed Duvessa
  3316 | D:4      | Reached skill level 1 in Armour
  3316 | D:4      | Reached skill level 4 in Stealth
  3327 | D:4      | Killed Dowan
  3353 | D:4      | Noticed an ogre
  3366 | D:4      | Reached XP level 8. HP: 12/48 MP: 8/11
  3420 | D:4      | Killed an ogre
  4061 | D:5      | Entered Level 5 of the Dungeon
  4181 | D:5      | Acquired Ashenzari's second power
  4279 | D:5      | Reached skill level 5 in Stealth
  4722 | D:5      | Found a snail-covered altar of Cheibriados.
  5004 | D:6      | Reached XP level 9. HP: 50/52 MP: 12/12
  5160 | D:6      | Found a staircase to the Ecumenical Temple.
  5257 | D:6      | Reached skill level 1 in Shields
  5897 | D:7      | Reached skill level 5 in Fighting
  6490 | D:8      | Acquired Ashenzari's third power
  6542 | D:8      | Reached skill level 6 in Stealth
  6799 | D:8      | Found Yguoj's Assorted Antiques.
  6883 | D:8      | Reached XP level 10. HP: 59/59 MP: 13/13
  7146 | D:8      | Reached skill level 5 in Air Magic
  7340 | D:9      | Found Rohaur's Weapon Shoppe.
  7428 | D:9      | Gained mutation: You possess an exceptional clarity of mind. [mutagenic meat]
  7429 | D:9      | Gained mutation: Your body sometimes deteriorates upon taking damage. [mutagenic meat]
  7454 | D:9      | Reached skill level 5 in Armour
  7512 | D:9      | Found a sparkling altar of Nemelex Xobeh.
  7512 | D:9      | Found a glowing golden altar of the Shining One.
  7989 | D:10     | Entered Level 10 of the Dungeon
  8118 | D:10     | Found a portal to a secret trove of treasure.
  8307 | D:10     | Reached skill level 7 in Stealth
  8315 | D:10     | Reached skill level 5 in Short Blades
  8330 | D:10     | Reached skill level 5 in Dodging
  8330 | D:10     | Reached skill level 1 in Evocations
  8336 | D:10     | Reached XP level 11. HP: 24/66 MP: 0/15
  8350 | D:10     | Reached skill level 5 in Shields
  8631 | D:10     | Noticed a hill giant
  9002 | D:11     | Reached skill level 5 in Charms
  9033 | D:11     | Noticed Tangento's ghost (powerful GrFi)
  9162 | D:10     | Found a staircase to the Orcish Mines.
  9195 | D:10     | Noticed a cyclops
  9237 | D:10     | Killed a cyclops
  9524 | D:11     | Found a staircase to the Lair.
  9635 | D:11     | Found Cabbym's Antique Weapon Boutique.
  9976 | D:12     | Noticed a seven-headed hydra
 10275 | D:11     | Acquired Ashenzari's fourth power
 10324 | Orc:1    | Entered Level 1 of the Orcish Mines
 10983 | Orc:1    | Paralysed by an orc sorcerer for 6 turns
 10994 | Orc:1    | Paralysed by an orc sorcerer for 5 turns
 11297 | Orc:3    | Found Asuo's Distillery.
 11335 | Orc:2    | Reached skill level 8 in Stealth
 11568 | Orc:3    | Found Ossa's Antique Weapon Boutique.
 11734 | Orc:4    | Entered Level 4 of the Orcish Mines
 11761 | Orc:4    | Found Zerr's Antique Weapon Boutique.
 11762 | Orc:4    | Noticed an orc high priest
 11807 | Orc:3    | Found Oratril's Book Emporium.
 12093 | Orc:2    | Noticed Harold
 12094 | Orc:2    | Killed from afar by an orc priest

Vault maps used:
D:1:      dpeg_chamrin_arrival_tetris
D:2:      ecumenical_altar_2, first_bread, minmay_newt_pond
D:3:      due_unseen_surprise
D:4:      gup_sewer_entry_bowl, uniq_duvessa, uniq_eustachio, uniq_robin
D:5:      wad_woods_tower, nicolae_overflow_hidden_temple, kennysheep_mini,
          amethyst_killhole
D:6:      minmay_temple_entry_mist
D:8:      serial_shops, nicolae_shop_statue_plus
D:9:      gammafunk_temple_overflow_elements, serial_shops, nicolae_shop_crystal
D:10:     david_orc_2, enter_trove_0
D:11:     minmay_lair_entry_grove, serial_shops, nicolae_shop_behind_doors
D:12:     hangedman_ranch, minmay_protected_statue
Orc:1:    uniq_maurice
Orc:2:    basic_altar, uniq_harold
Orc:3:    serial_shops, shop_statue, shop, shop_fountains, shop,
          nicolae_orc_pool_cavern
Orc:4:    grunt_orc_gardens, grunt_orc_garden, grunt_orc_garden,
          grunt_orc_garden, grunt_orc_garden, serial_shops, shop_fountains,
          uniq_nessos, uniq_saint_roka
Sewer:    sewer_kobolds

Action                   |  1- 3 |  4- 6 |  7- 9 | 10-12 || total
-------------------------+-------+-------+-------+-------++-------
Melee: Spear             |    61 |       |       |       ||    61
       Dagger            |    80 |   197 |   518 |  1198 ||  1993
Throw: Tomahawk          |       |       |       |    10 ||    10
 Cast: Shock             |       |     2 |     9 |    46 ||    57
       Repel Missiles    |       |       |     4 |     1 ||     5
       Swiftness         |       |       |     1 |     4 ||     5
Evoke: Wand              |       |       |       |    19 ||    19
  Use: Scroll            |     5 |     5 |     5 |     7 ||    22
       Potion            |     3 |     3 |     3 |    12 ||    21
 Stab: Sleeping          |     1 |     3 |     7 |     9 ||    20
       Distracted        |       |     1 |     1 |     4 ||     6
  Eat: Chunk             |     2 |     2 |    12 |    15 ||    31
       Bread ration      |       |     1 |       |     1 ||     2
       Royal jelly       |       |       |       |     1 ||     1
